 Dungeon Crawl Stone Soup version 0.31-a0-164-g2312942fda (webtiles) character file.

Game seed: 6540468535566726897

4980 DavidChitty2 the Cleaver (level 10, -5/90 HPs)
             Began as a Minotaur Fighter on June 8, 2023.
             Was an Elder of Okawaru.
             Succumbed to a gnoll sergeant's poison
             ... on level 8 of the Dungeon on June 13, 2023.
             The game lasted 00:09:51 (7547 turns).

DavidChitty2 the Cleaver (Minotaur Fighter)         Turns: 7547, Time: 00:09:52

Health: -5/90      AC: 20    Str: 25    XL:     10   Next: 29%
Magic:  13/13      EV:  7    Int:  5    God:    Okawaru [****..]
Gold:   206        SH:  5    Dex: 10    Spells: 9/9 levels left

rFire   . . .        a - +3 war axe
rCold   . . .        c - +0 buckler
rNeg    . . .        E - +0 plate armour
rPois   .            (helmet restricted)
rElec   .            w - scarf {repulsion}
rCorr   .            k - +2 pair of gloves
SInv    +            s - +2 pair of boots
Will    .....        (no amulet) Stlth
                     z - ring of see invisible
HPRegen 0.35/turn    (no ring)
MPRegen 0.13/turn

%: repel missiles
@: lethally poisoned (-5 -> -46), attractive
A: horns 2, retaliatory headbutt
a: Renounce Religion, Heroism, Finesse


You were on level 8 of the Dungeon.
You worshipped Okawaru.
Okawaru was greatly pleased with you.
You visited 1 branch of the dungeon, and saw 8 of its levels.
You also visited: Sewer.

You collected 386 gold pieces.
You spent 180 gold pieces at shops.

Inventory:

Hand Weapons
 a - a +3 war axe (weapon)
   (You took it off a wight on level 5 of the Dungeon)
 b - a +1 whip of venom
   (You took it off a kobold on level 3 of the Dungeon)
Missiles
 F - 2 throwing nets {!f}
Armour
 c - a +0 buckler (worn)
 k - a +2 pair of gloves (worn)
   (You found it on level 6 of the Dungeon)
 s - a +2 pair of boots (worn)
   (You bought it in a shop on level 3 of the Dungeon)
 w - a scarf of repulsion (worn)
   (You found it on level 6 of the Dungeon)
 E - a +0 plate armour (worn)
   (You took it off an orc warrior on level 7 of the Dungeon)
Jewellery
 h - a ring of magical power
   (You found it on level 2 of the Dungeon)
 o - a +5 ring of evasion
   (You took it off an orc priest on level 7 of the Dungeon)
 z - a ring of see invisible (left hand)
   (You found it on level 2 of the Dungeon)
 G - a ring of flight
   (You found it on level 8 of the Dungeon)
Wands
 d - a wand of iceblast (8)
   (You took it off Ijyb on level 5 of the Dungeon)
 C - a wand of quicksilver (23)
   (You found it on level 7 of the Dungeon)
Scrolls
 f - a scroll of immolation {!r}
 g - a scroll of brand weapon
 i - a scroll of enchant armour
 l - 5 scrolls of teleportation {@r4}
 q - a scroll of silence
 v - 2 scrolls of revelation
Potions
 e - a potion of enlightenment {unknown}
 j - 2 potions of curing {unknown}
 m - a potion of attraction {!q}
 n - 3 potions of ambrosia
 p - 2 potions of cancellation {unknown}
 r - a potion of resistance
 t - 2 potions of haste {@q3}
 u - 2 potions of invisibility
 x - a potion of magic {unknown}
 y - 3 potions of might
 A - a potion of mutation {unknown}
 B - 2 potions of degeneration {unknown}
 D - a potion of lignification {unknown}


   Skills:
 + Level 8.4 Fighting
 * Level 11.0 Axes
 + Level 8.4 Armour
 + Level 8.3 Shields
 + Level 5.6 Invocations


You had 9 spell levels left.
You didn't know any spells.
Your spell library contained the following spells:

 Spells                   Type           Power      Damage    Failure   Level
 Apportation              Tloc           0%         N/A       100%        1
 Necrotise                Necr           0%         1d4       100%        1
 Inner Flame              Hex/Fire       0%         N/A       100%        3
 Vampiric Draining        Necr           0%         2d6       100%        3
 Vhi's Electric Charge    Tloc/Air       0%         N/A       100%        3
 Flame Wave               Conj/Fire      0%         2d4       100%        4
 Sticky Flame             Conj/Fire      0%         2d3       100%        4
 Agony                    Necr           0%         N/A       100%        5
 Alistair's Intoxication  Tmut/Pois      0%         N/A       100%        5
 Arcjolt                  Conj/Air       0%         1d10      100%        5
 Plasma Beam              Fire/Air       0%         2x1d10    100%        6


Dungeon Overview and Level Annotations

Branches:
Dungeon (8/15)             Temple (0/1) D:7           Sewer (visited)
   Lair: D:8-11

Altars:
Cheibriados
Elyvilon
Fedhas
Gozag
Hepliaklqana
Kikubaaqudgha
Okawaru
Uskayaw
Vehumet
Xom
The Shining One

Shops:
D:3 [


Innate Abilities, Weirdness & Mutations

You have a pair of horns on your head.
You reflexively headbutt those who attack you in melee.


Message History

The puff of flame hits you.
You hit the orc wizard but do no damage.
You feel very sick. The gnoll hits you but does no damage.
The gnoll sergeant hits you from afar with a +4 spear of venom!
You are more poisoned.
The orc wizard hits you but does no damage.
The gnoll hits you but does no damage.
You slash the orc wizard!
You kill the orc wizard!
Okawaru accepts your kill.
You feel extremely sick. The gnoll closely misses you.
The gnoll hits you from afar with a +0 spear.
* * * LOW HITPOINT WARNING * * *
The gnoll sergeant hits you but does no damage.
You are more poisoned.
Your Axes skill increases to level 11!
You feel extremely sick. The gnoll barely misses you. You furiously retaliate!
You headbutt the gnoll!
The gnoll sergeant hits you but does no damage.
The gnoll hits you with a +0 spear.
* * * LOW HITPOINT WARNING * * *
Things that are here:
a +0 dagger; a +2 robe of positive energy; an orc corpse You hit the gnoll sergeant.
You slash the gnoll!
You kill the gnoll!
Okawaru accepts your kill.
You hit the gnoll.
You kill the gnoll!
Okawaru accepts your kill.
You feel very sick.
The gnoll sergeant hits you with a +4 spear of venom!
* * * LOW HITPOINT WARNING * * *
You are lethally poisoned!
You closely miss the gnoll sergeant.
* * * LOW HITPOINT WARNING * * *
You feel very sick.
The gnoll sergeant hits you with a +4 spear of venom.
* * * LOW HITPOINT WARNING * * *
You are more poisoned.
You slash the gnoll sergeant!
* * * LOW HITPOINT WARNING * * *
You feel extremely sick.
The gnoll sergeant hits you but does no damage.
You are more poisoned.
Really quaff
m - 2 potions of attraction {!q}?
Really quaff the potion of attraction?
You feel attractive to monsters.
You die...

#§## #§§###
#§§§§###
#§§§§..####
##
#####.....+
.. ##.####
## #.#
####'####...
#..)@)......
#..)g)......
#...........
#...........
#...........
+...........
#...........
##......#...


You could see a gnoll sergeant.

Vanquished Creatures
  A two-headed ogre (D:8)
  Grinder (D:6)
  Prince Ribbit (D:7)
  Sigmund (D:5)
  Eustachio (D:6)
  A steam dragon (D:7)
  2 water moccasins
  Duvessa (D:7)
  4 orc warriors
  5 ice beasts
  A centaur (D:7)
  2 ogres
  2 phantoms
  A kobold brigand (Sewer)
  2 gnoll sergeants
  2 scorpions
  2 bullfrogs
  5 wights (D:5)
  Dowan (D:7)
  5 killer bees (D:7)
  5 crimson imps
  4 hounds
  4 orc priests
  An iron imp (D:4)
  2 sleepcaps (D:7)
  Ijyb (D:5)
  4 orc wizards
  3 iguanas
  9 adders
  14 gnolls
  2 white imps
  An ufetubus (D:4)
  A worm (D:3)
  A dart slug (D:2)
  31 orcs
  14 ball pythons
  7 endoplasms
  6 giant cockroaches
  6 hobgoblins
  3 jackals (D:5)
  5 quokkas
  8 bats
  4 frilled lizards
  8 goblins
  A goblin skeleton (D:7)
  A goblin zombie (D:7)
  A hobgoblin zombie (D:7)
  23 kobolds
  An orc skeleton (D:7)
  An orc zombie (D:7)
  12 rats
225 creatures vanquished.

Notes
Turn   | Place    | Note
-------+----------+-------------------------------------------
     0 | D:1      | DavidChitty2 the Minotaur Fighter began the quest for the
                  | Orb.
     0 | D:1      | Reached XP level 1. HP: 19/19 MP: 0/0
   167 | D:1      | Reached XP level 2. HP: 27/27 MP: 1/1
   326 | D:1      | Reached skill level 3 in Axes
   747 | D:2      | Reached XP level 3. HP: 33/33 MP: 2/2
  1365 | D:3      | Reached XP level 4. HP: 36/40 MP: 3/3
  1419 | D:3      | Reached skill level 4 in Axes
  1503 | D:3      | Found Opranla's Antique Armour Shoppe.
  2038 | D:3      | Found an iron altar of Okawaru.
  2065 | D:3      | Reached XP level 5. HP: 34/47 MP: 4/4
  2072 | D:3      | Became a worshipper of Warmaster Okawaru
  2196 | D:3      | Found a hide-covered altar of Uskayaw.
  2244 | D:3      | Found a shimmering altar of Xom.
  2270 | D:3      | Reached skill level 5 in Axes
  2270 | D:3      | Reached XP level 6. HP: 26/55 MP: 5/5
  2476 | D:3      | Bought a pair of runed boots for 180 gold pieces
  2653 | D:3      | Reached skill level 1 in Invocations
  2961 | D:4      | Found a radiant altar of Vehumet.
  3027 | D:4      | Found a snail-covered altar of Cheibriados.
  3033 | D:4      | Reached skill level 5 in Fighting
  3033 | D:4      | Reached skill level 5 in Armour
  3044 | D:4      | Noticed a water moccasin
  3053 | D:4      | Killed a water moccasin
  3053 | D:4      | Reached * piety under Okawaru
  3054 | D:4      | Reached skill level 5 in Shields
  3166 | D:4      | Found a white marble altar of Elyvilon.
  3336 | D:4      | Reached XP level 7. HP: 30/61 MP: 7/7
  3443 | D:4      | Found an ancient bone altar of Kikubaaqudgha.
  3470 | D:4      | Reached skill level 6 in Axes
  3556 | D:4      | Found a hazy altar of Hepliaklqana.
  3817 | D:5      | Entered Level 5 of the Dungeon
  3965 | D:5      | Reached skill level 7 in Axes
  3965 | D:5      | Reached XP level 8. HP: 44/70 MP: 7/9
  3970 | D:5      | Found a glowing drain.
  3996 | Sewer    | Entered a sewer
  4215 | Sewer    | Reached ** piety under Okawaru
  4408 | D:5      | Noticed Sigmund
  4417 | D:5      | Killed Sigmund
  4499 | D:5      | Found an opulent altar of Gozag.
  4777 | D:5      | Reached skill level 8 in Axes
  4877 | D:5      | Noticed Ijyb
  4885 | D:5      | Killed Ijyb
  5310 | D:6      | Noticed Eustachio
  5327 | D:6      | Killed Eustachio
  5398 | D:6      | Noticed Grinder
  5410 | D:6      | Killed Grinder
  5411 | D:6      | Reached XP level 9. HP: 63/78 MP: 9/11
  5647 | D:6      | Reached *** piety under Okawaru
  5649 | D:6      | Upgraded the game from 0.31-a0-150-g89dc3ad700 to
                  | 0.31-a0-164-g2312942fda
  5749 | D:6      | Found a blossoming altar of Fedhas.
  5890 | D:6      | Reached skill level 9 in Axes
  6369 | D:7      | Noticed Dowan
  6369 | D:7      | Noticed Duvessa
  6376 | D:7      | Killed Dowan
  6381 | D:7      | Killed Duvessa
  6543 | D:7      | Found a glowing golden altar of the Shining One.
  6563 | D:7      | Reached **** piety under Okawaru
  6564 | D:7      | Reached skill level 10 in Axes
  6569 | D:7      | Reached skill level 5 in Invocations
  6760 | D:7      | Found a staircase to the Ecumenical Temple.
  6841 | D:7      | Noticed Prince Ribbit
  6856 | D:7      | Killed Prince Ribbit
  6999 | D:8      | Reached XP level 10. HP: 65/88 MP: 12/12
  7233 | D:8      | Noticed a two-headed ogre
  7240 | D:8      | HP: 2/88 [two-headed ogre/+0 giant spiked club (14)]
  7245 | D:8      | Killed a two-headed ogre
  7543 | D:8      | Reached skill level 11 in Axes
  7546 | D:8      | HP: 4/90 [poisoned by a gnoll sergeant]
  7547 | D:8      | Succumbed to a gnoll sergeant's poison

Illustrated notes

Levels and vault maps discovered:
D:1:      doesnt_arrival_eight_statues, layout_loops_ring, minmay_misc_feat_rows
D:2:      layout_basic, minmay_quantized
D:3:      layout_rooms, led_xom_imps, okawaru_gym_becter,
          nicolae_uskayaw_suspiria, serial_shops, nicolae_square_shop,
          minmay_snake_closets
D:4:      layout_cave_pods, slow_altar_2, elyvilon_altar_3, vehumet_crystals,
          mainiacjoe_overflow_concentric_impassable, marbit_many_paths,
          serial_park_tiny_pond
D:5:      layout_basic, grunt_gozag_statues, portal_sewer_entry_b,
          serial_bayou_lagoon_b, uniq_ijyb, uniq_sigmund
D:6:      layout_cave_pods, fedhas_ov_isle_minmay, uniq_eustachio, uniq_grinder
D:7:      layout_basic, nicolae_tso_besieged_by_evil,
          minmay_temple_entry_statues_fountains, uniq_prince_ribbit1,
          uniq_duvessa
D:8:      layout_basic, mainiacjoe_overflow_brackets

Skill      XL: |  1  2  3  4  5  6  7  8  9 10 |
---------------+-------------------------------+-----
Axes           | 3 4 5 7 8 10 11 | 11.0
Shields        | 4 5 6 7 8 |  8.3
Fighting       | 4 5 6 8 |  8.4
Armour         | 4 5 6 8 |  8.4
Invocations    | 1 2 4 5 |  5.6

Action                     |  1- 3 |  4- 6 |  7- 9 | 10-12 || total
---------------------------+-------+-------+-------+-------++-------
  Melee: War axe           |    71 |   150 |   312 |    38 ||   571
         Headbutt          |    12 |    14 |    46 |     5 ||    77
 Invoke: Heroism           |       |       |     2 |     1 ||     3
    Use: Scroll            |       |    10 |     4 |     3 ||    17
         Potion            |       |       |     3 |     2 ||     5
 Armour: Scale mail        |    32 |    74 |    89 |       ||   195
         Chain mail        |       |       |    62 |       ||    62
         Plate armour      |       |       |    11 |    31 ||    42
  Dodge: Dodged            |    25 |    75 |   127 |    15 ||   242
  Block: Buckler           |    15 |    33 |    96 |    10 ||   154

Table legend: (Time is in decaauts)
 A = Elapsed time spent in this place.
 B = Non-inter-level travel time spent in this place.
 C = Inter-level travel time spent in this place.
 D = Time resting spent in this place.
 E = Time spent auto-exploring this place.
 F = Levels seen in this place.
 G = Mean time per level.
                   A        B        C        D        E       F      G
               +--------+--------+--------+--------+--------+-----+--------+
         Total |   7684 |   7414 |    270 |    304 |   5582 |   9 |  853.8 |
       Dungeon |   7333 |   7063 |    270 |    304 |   5349 |   8 |  916.6 |
         Sewer |    350 |    350 |      0 |      0 |    233 |   1 |  350.0 |
               +--------+--------+--------+--------+--------+-----+--------+

Top non-repeatable levels by time:
     D:2: 1155 daAuts
     D:6: 1113 daAuts
     D:5: 1072 daAuts
     D:4: 1035 daAuts
     D:3: 974 daAuts
     D:1: 724 daAuts
     D:7: 705 daAuts
     D:8: 552 daAuts
   Sewer: 350 daAuts
